 Dungeon Crawl Stone Soup version 0.30-a0-845-g7c6808c8ce (webtiles) character file.

Game seed: 1777911597671675415

2073 jasper the Fighter (level 9, -13/75 HPs)
             Began as a Demonspawn Reaver on Mar 2, 2023.
             Killed from afar by an acid dragon (35 damage)
             ... with a splash of acid
             ... on level 8 of the Dungeon.
             The game lasted 00:12:03 (6300 turns).

jasper the Fighter (Demonspawn Reaver)              Turns: 6300, Time: 00:12:04

Health: -13/75     AC: 20    Str: 12    XL:     9   Next: 6%
Magic:  12/12      EV: 11    Int: 19    God:
Gold:   330        SH:  5    Dex: 12    Spells: 11/12 levels left

rFire   + + .      SeeInvis +    d - +3 dagger (venom)
rCold   + + .      Faith    .    p - +0 buckler
rNeg    + . .      Spirit   .    r - +1 ring mail "Nolyug" {rF+ rC++ SInv}
rPois   .          Reflect  .    v - +1 helmet
rElec   .          Rampage  .    (no cloak)
rCorr   .                        q - +0 pair of gloves
Will    .....                    x - +0 pair of boots
Stlth   +                        (no amulet)
HPRegen 0.32/turn                D - ring of protection from fire
MPRegen 0.26/turn                w - ring of positive energy

@: about to teleport, corroded, sanguine armoured
A: powered by death 1, magic regeneration, sanguine armour 3, weakness stinger 1
a: no special abilities


You were on level 8 of the Dungeon.
You visited 1 branch of the dungeon, and saw 8 of its levels.
You also visited: Sewer.

You collected 518 gold pieces.
You spent 188 gold pieces at shops.

Inventory:

Hand Weapons
 a - a +0 spear
 d - a +3 dagger of venom (weapon)
 g - a +1 vampiric bardiche
 m - a +0 scythe
 o - a +0 halberd
 J - a +1 scimitar
Missiles
 l - 5 poisoned darts (quivered)
Armour
 b - a +0 leather armour
 j - a +0 ring mail
 p - a +0 buckler (worn)
 q - a +0 pair of gloves (worn)
 r - the +1 ring mail "Nolyug" (worn) {rF+ rC++ SInv}
   (You found it on level 2 of the Dungeon)

   rF:        It protects you from fire.
   rC:        It greatly protects you from cold.
   SInv:      It lets you see invisible.
 v - a +1 helmet (worn)
 x - a +0 pair of boots (worn)
Jewellery
 t - a +6 ring of dexterity
 w - a ring of positive energy (right hand)
 D - a ring of protection from fire (left hand)
 H - a +6 ring of intelligence
 K - a ring of willpower
 L - a ring of protection from fire
Wands
 u - a wand of polymorph (8)
Scrolls
 f - 2 scrolls of enchant weapon
 h - a scroll of amnesia {unknown}
 k - 3 scrolls of teleportation
 y - a scroll of noise
 B - 2 scrolls of vulnerability {unknown}
 E - 2 scrolls of identify
 F - 3 scrolls of fog {unknown}
 I - a scroll of enchant armour
Potions
 c - 5 potions of curing
 e - 2 potions of ambrosia
 i - 3 potions of brilliance
 n - 3 potions of lignification
 s - a potion of mutation
 z - 2 potions of might
 A - a potion of haste
 C - a potion of magic {unknown}
 G - 2 potions of berserk rage {unknown}


   Skills:
 * Level 8.4 Fighting
 - Level 3.1 Polearms
 + Level 5.7 Armour
 + Level 3.2 Dodging
 - Level 4.0 Shields
 - Level 2.0 Spellcasting
 - Level 3.0 Conjurations


You had 11 spell levels left.
You knew the following spells:

 Your Spells              Type           Power      Damage    Failure   Level
a - Kiss of Death         Conj/Necr      28%        2d7       24%         1

Your spell library contained the following spells:

 Spells                   Type           Power      Damage    Failure   Level
 Momentum Strike          Conj/Tloc      14%        3d8       36%         2
 Sublimation of Blood     Necr           1%         N/A       56%         2
 Wereblood                Tmut           1%         N/A       56%         2
 Hailstorm                Conj/Ice       7%         3d4       58%         3
 Gell's Gravitas          Tloc           1%         N/A       80%         3
 Teleport Other           Tloc           1%         N/A       80%         3
 Dispersal                Tloc           0%         N/A       100%        6
 Summon Hydra             Summ           0%         N/A       100%        7


Dungeon Overview and Level Annotations

Branches:
Dungeon (8/15)              Sewer (visited)
 Temple: D:4-7         Lair: D:8-11

Altars:
Dithmenos
Fedhas
Gozag
Hepliaklqana
Yredelemnul

Shops:
D:4 [*[   D:5 [


Innate Abilities, Weirdness & Mutations

You regenerate a little health from kills.
You regenerate magic rapidly.
When seriously injured, your blood forms very thick armour. (AC +12)
You have a small tail.


Message History

Found a stone staircase leading down.
The acid dragon roars!
Found a scroll labelled HUNERU ESMYUCH.
The acid dragon spits acid at you. The splash of acid hits you.
You hear a bellow! x2
You take 1 damage, and have 74/75 hp.
A yak comes into view.
Found 15 gold pieces.
The yak bellows!
You hear a bellow!
A yak comes into view.
The acid dragon spits acid at you. The splash of acid hits you!!
Your blood congeals into armour.
The acid corrodes you!
A yak comes into view.
You hear a bellow!
You take 29 damage, and have 45/75 hp.
MASSIVE DAMAGE!!
You closely miss the acid dragon. You tail-slap the acid dragon.
The acid dragon is moderately wounded.
You block the acid dragon's attack. The acid dragon closely misses you.
You closely miss the acid dragon.
The acid dragon is moderately wounded.
The acid dragon bites you but does no damage.
The acid dragon claws you but does no damage.
A yak comes into view.
You closely miss the acid dragon.
The acid dragon is moderately wounded.
The acid dragon spits acid at you. The splash of acid hits you!
A yak comes into view.
You take 17 damage, and have 29/75 hp.
MASSIVE DAMAGE!!
As you read the scroll of teleportation, it crumbles to dust.
You feel strangely unstable. The acid dragon bites you!
* * * LOW HITPOINT WARNING * * *
You block the acid dragon's attack.
A yak comes into view.
You take 7 damage, and have 22/75 hp.
The acid dragon spits acid at you. The splash of acid hits you!!
You die...

.#.......................###
............................
#........................###
#..........................#
##.....................###..
#....................... ..
#........................ .
#........................ .
#...$.....@............?
#......YDY..............
#..$........$.........#.
.......Y...........
..................
#?.Y.>......#...##
###Y.$..#####.## Y.#.### #


You could see 6 yaks and an acid dragon (catching breath).

Vanquished Creatures
  Sigmund (D:2)
  A water moccasin (D:5)
  2 ice beasts
  Pargi (Sewer)
  2 ogres
  3 scorpions
  8 wights
  3 howler monkeys (D:8)
  2 jellies
  2 orc priests
  A hound (D:5)
  2 iguanas
  Natasha (thrice) (D:2)
  An orc wizard (D:3)
  8 gnolls
  11 adders
  2 river rats (D:3)
  A shadow imp (D:6)
  2 white imps
  2 worms (D:3)
  3 dart slugs
  20 orcs
  7 bats
  7 endoplasms
  2 giant cockroaches (D:1)
  7 goblins
  5 hobgoblins
  9 jackals
  5 ball pythons
  10 frilled lizards
  9 kobolds
  9 rats
151 creatures vanquished.

Vanquished Creatures (others)
  A goblin (D:3)
  A demonic plant (D:6)
  2 plants
4 creatures vanquished.

Grand Total: 155 creatures vanquished

Notes
Turn   | Place    | Note
-------+----------+-------------------------------------------
     0 | D:1      | jasper the Demonspawn Reaver began the quest for the Orb.
     0 | D:1      | Reached XP level 1. HP: 16/16 MP: 3/3
   146 | D:1      | Gained mutation: You have a small tail. [demonic ancestry]
   146 | D:1      | Reached XP level 2. HP: 22/22 MP: 5/5
   178 | D:1      | Reached skill level 1 in Armour
   535 | D:1      | Found a faded altar of an unknown god.
   874 | D:2      | Noticed Sigmund
   891 | D:2      | Killed Sigmund
   892 | D:2      | Reached skill level 4 in Fighting
   892 | D:2      | Gained mutation: When seriously injured, your blood forms
                  | armour. (AC +12) [demonic ancestry]
   892 | D:2      | Reached XP level 3. HP: 29/30 MP: 6/6
   892 | D:2      | Gained mutation: You regenerate a little health from kills.
                  | [demonic ancestry]
   892 | D:2      | Reached XP level 4. HP: 36/37 MP: 7/7
   892 | D:2      | Reached XP level 5. HP: 41/42 MP: 8/8
   971 | D:2      | Noticed Natasha
   979 | D:2      | Killed Natasha
  1283 | D:2      | Noticed Natasha
  1290 | D:2      | Killed Natasha
  1381 | D:2      | Identified the +1 ring mail "Nolyug" {rF+ rC++ SInv}
  1516 | D:2      | Noticed Natasha
  1528 | D:2      | Killed Natasha
  1529 | D:2      | Reached XP level 6. HP: 37/49 MP: 9/9
  2073 | D:3      | Found a glowing drain.
  2087 | Sewer    | Entered a sewer
  2106 | Sewer    | Noticed Pargi
  2132 | Sewer    | Killed Pargi
  2133 | Sewer    | Reached skill level 5 in Fighting
  2340 | D:3      | Found a hazy altar of Hepliaklqana.
  3104 | D:3      | Identified a scroll of acquirement
  3104 | D:3      | Acquired a +1 vampiric bardiche
  3296 | D:3      | Gained mutation: When seriously injured, your blood forms
                  | thick armour. (AC +12) [demonic ancestry]
  3296 | D:3      | Reached XP level 7. HP: 50/56 MP: 10/10
  3539 | D:4      | Found an opulent altar of Gozag.
  3554 | D:4      | Reached skill level 5 in Armour
  3667 | D:4      | Found Plog's Antique Armour Shop.
  3682 | D:4      | Bought a buckler for 94 gold pieces
  3682 | D:4      | Bought a pair of boots for 94 gold pieces
  3758 | D:4      | Found Myal Ypt's Armour Emporium.
  3847 | D:4      | Reached skill level 6 in Fighting
  4137 | D:4      | Found Akyllid's General Store.
  4253 | D:5      | Entered Level 5 of the Dungeon
  4265 | D:5      | Reached skill level 1 in Shields
  4311 | D:5      | Gained mutation: You regenerate magic rapidly. [demonic
                  | ancestry]
  4311 | D:5      | Reached XP level 8. HP: 21/65 MP: 11/11
  4422 | D:5      | Found Yddyoluv's Antique Armour Shop.
  4835 | D:5      | Reached skill level 7 in Fighting
  5360 | D:7      | Found a basalt altar of Yredelemnul.
  5681 | D:7      | Found a blossoming altar of Fedhas.
  5899 | D:8      | Found a shadowy altar of Dithmenos.
  6044 | D:8      | Reached skill level 8 in Fighting
  6247 | D:8      | Gained mutation: When seriously injured, your blood forms
                  | very thick armour. (AC +12) [demonic ancestry]
  6247 | D:8      | Reached XP level 9. HP: 75/75 MP: 12/12
  6300 | D:8      | Killed from afar by an acid dragon

Illustrated notes

Levels and vault maps discovered:
D:1:      tekkud_arrival_beachfront_property, layout_loops_cross,
          hellmonk_ecumenical_altar_dog_temple
D:2:      layout_basic, uniq_sigmund, uniq_natasha
D:3:      layout_loops_corners, mainiacjoe_overflow_concentric_impassable,
          lightli_sewer_entry_pipes, serial_bayou_pond_b, lemuel_flame_loot_1
D:4:      layout_basic, grunt_gozag_statues, serial_shops, shop_fountains, shop,
          shop, grunt_ministairs_2
D:5:      layout_rooms, serial_shops, nicolae_shop_overgrown_old_shop
D:6:      layout_loops_ring, nemelex_diamond_rough_becter,
          minmay_temple_entry_proselytizer, serial_demonic, serial_demonic_a,
          serial_demonic_e, serial_demonic_d, serial_demonic_e,
          kennysheep_generic_room_9
D:7:      minmay_klotski, layout_rooms, mainiacjoe_overflow_swirl,
          nicolae_concentric_dashed_squares_wild, uniq_joseph
D:8:      layout_rooms, grunt_dithmenos_smoke, wad_floor_pattern_1

Skill      XL: |  1  2  3  4  5  6  7  8 |
---------------+-------------------------+-----
Armour         | 3 4 5 |  5.7
Fighting       | 4 5 6 8 |  8.4
Polearms       | 3 |  3.1
Shields        | 2 4 |  4.0
Dodging        | 3 |  3.2
Spellcasting   | |  2.0
Conjurations   | |  3.0

Action                     |  1- 3 |  4- 6 |  7- 9 || total
---------------------------+-------+-------+-------++-------
  Melee: Spear             |    19 |       |       ||    19
         Dagger            |    54 |   215 |   281 ||   550
         Tailslap          |     7 |    30 |    50 ||    87
         Punch             |       |     2 |     2 ||     4
         Scimitar          |       |       |    25 ||    25
  Throw: Dart              |       |       |     5 ||     5
         Throwing net      |       |       |     2 ||     2
   Cast: Kiss of Death     |     1 |     1 |       ||     2
  Evoke: Wand              |       |       |    17 ||    17
    Use: Scroll            |       |     9 |     6 ||    15
         Potion            |       |       |     2 ||     2
   Stab: Paralysed         |       |       |    19 ||    19
 Armour: Leather armour    |    11 |       |       ||    11
         Ring mail         |    10 |   134 |   106 ||   250
  Dodge: Dodged            |    40 |   144 |   127 ||   311
  Block: Buckler           |       |       |    47 ||    47

Table legend: (Time is in decaauts)
 A = Elapsed time spent in this place.
 B = Non-inter-level travel time spent in this place.
 C = Inter-level travel time spent in this place.
 D = Time resting spent in this place.
 E = Time spent auto-exploring this place.
 F = Levels seen in this place.
 G = Mean time per level.
                   A        B        C        D        E       F      G
               +--------+--------+--------+--------+--------+-----+--------+
         Total |   6367 |   6058 |    309 |    338 |   4081 |   9 |  707.4 |
       Dungeon |   6167 |   5858 |    309 |    338 |   3978 |   8 |  770.9 |
         Sewer |    199 |    199 |      0 |      0 |    103 |   1 |  199.0 |
               +--------+--------+--------+--------+--------+-----+--------+

Top non-repeatable levels by time:
     D:3: 1596 daAuts
     D:2: 911 daAuts
     D:4: 868 daAuts
     D:1: 729 daAuts
     D:7: 661 daAuts
     D:5: 626 daAuts
     D:8: 429 daAuts
     D:6: 344 daAuts
   Sewer: 199 daAuts
